 Dungeon Crawl Stone Soup version 0.25.0-1-g7eea58d (webtiles) character file.

Game seed: 15078016678140544835

86 jorbis the Sneak (level 4, -1/19 HPs)
             Began as a Felid Wizard on June 25, 2020.
             Killed by nerve-wracking pain
             ... invoked by an orc priest
              (9 damage)
             ... on level 3 of the Dungeon.
             The game lasted 00:06:54 (3327 turns).

jorbis the Sneak (Felid Wizard)                     Turns: 3327, Time: 00:06:55

Health: -1/19      AC:  1    Str: 10    XL:     4   Next: 27%
Magic:  0/9        EV: 18    Int: 19    God:
Gold:   115        SH:  0    Dex: 15    Spells: 8/9 levels left
                                        Lives:  0   Deaths: 1

rFire    . . .     SeeInvis +     - Unarmed
rCold    . . .     Gourm    .   (shield unavailable)
rNeg     . . .     Faith    .   (armour unavailable)
rPois    .         Spirit   .   (helmet unavailable)
rElec    .         Reflect  .   (cloak unavailable)
rCorr    .         Harm     .   (gloves unavailable)
MR       .....                  (boots unavailable)
Stlth    +++.......             (no amulet)
HPRegen  0.06/turn              d - +6 ring of strength
MPRegen  0.11/turn              (no ring)

@: very slightly contaminated, quick
A: very small, no armour, no weapons or thrown items, stealth, claws 1, fangs 3,
see invisible, carnivore, speed 1, shaggy fur 1, slow metabolism 1, sharp paws
a: no special abilities


You were on level 3 of the Dungeon.
You were not hungry.

You visited 1 branch of the dungeon, and saw 3 of its levels.

You collected 115 gold pieces.

Inventory:

Jewellery
 d - a +6 ring of strength (left paw)
Wands
 q - a wand of random effects (7)
Scrolls
 a - a scroll of immolation {unknown}
 c - 2 scrolls of amnesia {unknown}
 f - a scroll of fear {unknown}
 h - 2 scrolls of teleportation {unknown}
 m - 3 scrolls of noise {unknown}
 n - a scroll of identify {unknown}
 p - a scroll of remove curse {unknown}
Potions
 e - a potion of curing {unknown}
 g - a potion of haste {unknown}
 i - 3 potions of might {unknown}
 j - 2 potions of lignification
 k - a potion of flight {unknown}
 l - a potion of magic {unknown}
 o - a potion of brilliance {unknown}
 s - a potion of mutation {unknown}
Comestibles
 b - 8 rations


   Skills:
 * Level 2.2 Fighting
 + Level 3.5 Dodging
 * Level 4.3 Stealth
 * Level 2.2 Unarmed Combat
 + Level 3.3 Spellcasting
 + Level 1.6 Conjurations
   Level 1.0 Summonings
   Level 1.5 Translocations


You had 8 spell levels left.
You knew the following spells:

 Your Spells              Type           Power        Failure   Level  Hunger
a - Magic Dart            Conj           #...         8%          1    None

Your spell library contained the following spells:

 Spells                   Type           Power        Failure   Level  Hunger
 Blink                    Tloc           N/A          12%         2    ##.....
 Call Imp                 Summ           #.......     14%         2    ##.....
 Slow                     Hex            #.......     22%         2    ##.....
 Conjure Flame            Conj/Fire      #.......     32%         3    ###....
 Mephitic Cloud           Conj/Pois/Air  #.......     34%         3    ###....


Dungeon Overview and Level Annotations

Branches:
Dungeon (3/15)

Altars:
Ashenzari
The Shining One


Innate Abilities, Weirdness & Mutations

You cannot wear armour.
You are incapable of wielding weapons or throwing items.
Your paws allow you to move quietly. (Stealth)
You have sharp claws.
You have razor-sharp teeth.
You have supernaturally acute eyesight. (SInv)
You are carnivorous and can eat meat at any time.
You cover ground quickly.
You are covered in fur. (AC +1)
You have a slow metabolism.
Your sharp claws are effective at attacking unaware monsters.


Message History

The orc priest misses you.
Casting: Magic Dart (safe; 8% risk of failure)
Confirm with . or Enter, or press ? or * to list all spells.
Aiming: Magic Dart (safe; 8% risk of failure)
Press: ? - help, Shift-Dir - straight line, f/p - orc priest
Aim: an orc priest, wielding a +0 dagger and wearing a +0 leather armour (moderately wounded)
The magic dart hits the orc priest but does no damage.
The orc priest is moderately wounded.
The orc priest mumbles some strange prayers to Beogh against you.
Pain shoots through your body!
Casting: Magic Dart (safe; 8% risk of failure)
Confirm with . or Enter, or press ? or * to list all spells.
Aiming: Magic Dart (safe; 8% risk of failure)
Press: ? - help, Shift-Dir - straight line, f/p - orc priest
Aim: an orc priest, wielding a +0 dagger and wearing a +0 leather armour (moderately wounded)
The magic dart hits the orc priest.
The orc priest is heavily wounded.
The orc priest calls down the wrath of Beogh upon you.
Pain shoots through your body!
You die...

#.# ##.....## #.......#
#.# ##...## #.#######
#.# ##'## #.# #.# #.#
#.# #####.#### #.# #.#
#........######.## #.#
#.###.#......#...## #o#
#.# ###'###...)...# #.#
#.# #...##..#.@.## #.#
#.#
#.#.##..##o#######o#
#.#
#.#.##..##<##...)..#
#.#
#.#.###...>.†.######
#.# ##.#.######.####
#####..#..## #.########
##..###..## #........#
##....#....###.######.#
#...........##.# #.####


You could see an orc priest.

Vanquished Creatures
  3 orc priests (D:3)
  2 adders
  3 oozes (D:1)
  2 dart slugs (D:1)
  3 leopard geckos
  2 orcs (D:3)
  6 bats
  5 goblins (D:1)
  5 hobgoblins
  2 jackals (D:2)
  2 frilled lizards (D:1)
  8 kobolds
  4 rats
47 creatures vanquished.

Notes
Turn   | Place    | Note
-------+----------+-------------------------------------------
     0 | D:1      | jorbis the Felid Wizard began the quest for the Orb.
     0 | D:1      | Reached XP level 1. HP: 7/7 MP: 5/5
   130 | D:1      | Reached skill level 1 in Conjurations
   337 | D:1      | Reached XP level 2. HP: 12/12 MP: 0/7
   447 | D:1      | Reached skill level 1 in Fighting
   447 | D:1      | Reached skill level 3 in Stealth
   451 | D:1      | Reached skill level 1 in Unarmed Combat
   619 | D:1      | Reached XP level 3. HP: 15/15 MP: 6/8
   980 | D:1      | Found a shattered altar of Ashenzari.
  2297 | D:3      | Reached XP level 4. HP: 9/19 MP: 3/9
  2646 | D:3      | Found a glowing golden altar of the Shining One.
  2808 | D:3      | Reached skill level 4 in Stealth
  3146 | D:3      | Reached XP level 5. HP: 22/22 MP: 10/10
  3304 | D:3      | Killed from afar by an orc priest
  3305 | D:3      | Reached XP level 4. HP: -4/19 MP: 0/9
  3327 | D:3      | Killed from afar by an orc priest

Illustrated notes

Levels and vault maps discovered:
D:1:      dpeg_arrival_tiny_d, layout_loops_cross, minmay_misc_feat_diagonals,
          ashenzari_altar_1
D:2:      layout_basic, first_ration
D:3:      layout_loops_corners, kennysheep_crisscross,
          nicolae_tso_swordbearing_angel

Skill      XL: |  1  2  3  4 |
---------------+-------------+-----
Conjurations   | 1 |  1.6
Fighting       | 1 2 |  2.2
Stealth        | 3 4 |  4.3
Unarmed Combat | 1 2 |  2.2
Dodging        | 3 |  3.5
Spellcasting   | |  3.3
Summonings     | |  1.0
Translocations | |  1.5

Action                   |  1- 3 |  4- 6 || total
-------------------------+-------+-------++-------
Melee: Unarmed           |    58 |    19 ||    77
       Bite              |     1 |     2 ||     3
 Cast: Magic Dart        |    56 |    42 ||    98
  Use: Potion            |     1 |       ||     1
 Stab: Sleeping          |    12 |     2 ||    14
  Eat: Chunk             |    10 |     2 ||    12
Armor: Skin              |     9 |       ||     9
Dodge: Dodged            |    68 |    26 ||    94
